 Dungeon Crawl Stone Soup version 0.28.0 (webtiles) character file.

Game seed: 13028052969986750093

103 AmazingTV the Shield-Bearer (level 4, 0/41 HPs)
             Began as a Minotaur Fighter on July 5, 2022.
             Slain by an iguana (9 damage)
             ... on level 3 of the Dungeon.
             The game lasted 00:03:44 (2189 turns).

AmazingTV the Shield-Bearer (Minotaur Fighter)      Turns: 2189, Time: 00:03:45

Health: 0/41       AC: 11    Str: 23    XL:     4   Next: 51%
Magic:  3/3        EV:  9    Int:  5    God:
Gold:   96         SH:  4    Dex:  9    Spells: 3/3 levels left

rFire   . . .      SeeInvis .   a - +0 flail {mace}
rCold   . . .      Faith    .   c - +0 buckler
rNeg    + . .      Spirit   .   b - +0 scale mail
rPois   .          Reflect  .   (helmet restricted)
rElec   .          Harm     .   (no cloak)
rCorr   .          Rampage  .   (no gloves)
Will    .....                   (no boots)
Stlth   ..........              (no amulet)
HPRegen 0.13/turn               h - ring of positive energy
MPRegen 0.08/turn               n - +4 ring of protection

@: no status effects
A: horns 2, retaliatory headbutt
a: no special abilities


You were on level 3 of the Dungeon.
You visited 1 branch of the dungeon, and saw 3 of its levels.

You collected 96 gold pieces.


Innate Abilities, Weirdness & Mutations

You have a pair of horns on your head.
You reflexively headbutt those who attack you in melee.


   Skills:
 + Level 4.4 Fighting
 + Level 3.5 Maces & Flails
 + Level 4.4 Armour
 + Level 4.5 Shields


You had 3 spell levels left.
You didn't know any spells.
Your spell library contained the following spells:

 Spells                   Type           Power      Damage    Failure   Level
 Sting                    Tmut/Pois      0%         1d3       86%         1
 Poisonous Vapours        Pois/Air       0%         N/A       95%         2
 Olgreb's Toxic Radiance  Pois           0%         N/A       100%        4

Inventory:

Hand Weapons
 a - a +0 flail (weapon) {mace}
 u - a +0 dagger of freezing {short}
   (You took it off a goblin on level 2 of the Dungeon)
Missiles
 e - 30 arrows
 f - 39 bolts
 j - 119 stones (quivered)
 r - 24 sling bullets
Armour
 b - a +0 scale mail (worn)
 c - a +0 buckler (worn)
 v - a +2 robe of resistance
   (You took it off Jessica on level 2 of the Dungeon)
Magical Staves
 t - a staff of conjuration {!astaff}
   (You found it on level 2 of the Dungeon)
Jewellery
 h - a ring of positive energy (left hand)
   (You found it on level 1 of the Dungeon)
 n - a +4 ring of protection (right hand)
   (You found it on level 2 of the Dungeon)
Scrolls
 g - 3 scrolls of identify {unknown}
 l - a scroll of holy word {unknown}
 m - a scroll of blinking {unknown}
 o - a scroll of vulnerability {unknown}
 p - a scroll of fog {unknown}
 q - a scroll of enchant armour {unknown}
Potions
 d - a potion of might
 i - a potion of attraction {unknown}
 k - 2 potions of curing {unknown}
 s - 2 potions of flight {unknown}

Dungeon Overview and Level Annotations

Branches:
Dungeon (3/15)

Altars:

##### ###...####
#...@....# #...l#...#...
#..8)..8...8.#
#....#...#...# #.#.###.##
... ### #....#...# ..
..###########..8...8...
#................#$..#..
########.######.###.###.#


You could see an iguana.


Message History

The goblin hits you but does no damage.
You closely miss the goblin. The goblin hits you but does no damage.
The goblin misses you.
You thump the goblin!
You kill the goblin!
Things that are here:
a +0 club {mace}; a +0 robe
Things that are here:
a +0 club {mace}; a +0 robe You see here a +0 dagger {short}.
A jackal comes into view.
The jackal barks!
A jackal comes into view.
The jackal bites you. The jackal barely misses you. You furiously retaliate!
You headbutt the jackal.
You kill the jackal! 😕 HP[-1]
You take 1 damage, and now have 40/41 hp.
You block the jackal's attack.
You closely miss the jackal. You headbutt the jackal.
You kill the jackal! 😎 HP[+1]
Your hp is fully restored (41).
No target in view!
You see here a jackal corpse.
Found a stone staircase leading up.
There is a stone staircase leading up here.
Done exploring.
Done exploring.
There is a stone staircase leading down here.
You climb downwards.
There is a stone staircase leading up here.
No target in view!
Found an escape hatch in the floor.
g - 3 scrolls labelled NAOMMA IGRAINK (gained 1)
Found a stone staircase leading down.
A rat comes into view.
You block the rat's attack.
You sock the rat!
You kill the rat!
You see here a rat corpse.
Found a stone staircase leading up.
No target in view!
No target in view!
You now have 87 gold pieces (gained 3).
You now have 96 gold pieces (gained 9).
A kobold comes into view.
It is wielding a +0 short sword and quivering poisoned darts.
An iguana comes into view.
The kobold throws a poisoned dart.
The poisoned dart hits you!
You are poisoned.
You feel sick. 😕 HP[-2]
You take 2 damage, and now have 39/41 hp.
You feel sick.
The kobold throws a poisoned dart.
The poisoned dart barely misses you. 😕 HP[-2]
You take 2 damage, and now have 37/41 hp.
You feel sick.
The kobold hits you but does no damage. 😕 HP[-1]
You take 1 damage, and now have 36/41 hp.
You barely miss the kobold.
You feel sick.
The kobold hits you but does no damage. 😕 HP[-1]
You take 1 damage, and now have 35/41 hp.
You barely miss the kobold. You headbutt the kobold.
You kill the kobold!
You feel sick. 😕 HP[-1]
You take 1 damage, and now have 34/41 hp.
Unknown command.
You feel sick.
Things that are here:
a +0 short sword {short}; 4 poisoned darts 😕 HP[-1]
You take 1 damage, and now have 33/41 hp.
You feel sick.
You are no longer poisoned. 😕 HP[-1]
You take 1 damage, and now have 32/41 hp. 😕 HP[+1]
You sock the iguana! Your headbutt misses the iguana.
The iguana closely misses you. You furiously retaliate!
You headbutt the iguana. You hit the iguana. The iguana bites you! 😮 HP[-9]
You take 9 damage, and now have 24/41 hp.
MASSIVE DAMAGE!! (PAUSE)
You closely miss the iguana. Your headbutt misses the iguana.
The iguana bites you.
* * * LOW HITPOINT WARNING * * *
😨 HP[-6]
You take 6 damage, and now have 18/41 hp.
You closely miss the iguana. You block the iguana's attack.
The iguana bites you!
* * * LOW HITPOINT WARNING * * *
😱 HP[-10]
You take 10 damage, and now have 8/41 hp.
MASSIVE DAMAGE!! (PAUSE)
You barely miss the iguana. The iguana bites you!
You die...

Skill      XL: |  1  2 |
---------------+-------+-----
Armour         | 4 |  4.4
Shields        | 4 |  4.5
Fighting       | 4 |  4.4
Maces & Flails | 3 |  3.5

Action                   |  1- 3 |  4- 6 || total
-------------------------+-------+-------++-------
Melee: Flail             |   108 |    17 ||   125
       Headbutt          |    16 |     3 ||    19
Armor: Scale mail        |    59 |     6 ||    65
Dodge: Dodged            |    54 |     7 ||    61
Block: Buckler           |    18 |     3 ||    21

Levels and vault maps discovered:
D:1:      zelgadis_glass_arrival_small, layout_rooms,
          hellmonk_ecumenical_altar_run_dry,
          hangedman_abyss_or_decor_lesser_grid
D:2:      layout_basic, minmay_randomly_rotated_circles, uniq_jessica
D:3:      layout_loops_ring, minmay_misc_feat_four_crosses

Notes
Turn   | Place    | Note
-------+----------+-------------------------------------------
     0 | D:1      | AmazingTV the Minotaur Fighter began the quest for the Orb.
     0 | D:1      | Reached XP level 1. HP: 19/19 MP: 0/0
     0 | D:1      | magus.rc [v1.9.6]
   255 | D:1      | Reached XP level 2. HP: 21/27 MP: 1/1
   551 | D:1      | Reached skill level 4 in Armour
   632 | D:1      | Reached skill level 4 in Shields
   653 | D:1      | Reached skill level 4 in Fighting
   677 | D:1      | Reached skill level 3 in Maces & Flails
   707 | D:1      | Found a faded altar of an unknown god.
   724 | D:1      | Reached XP level 3. HP: 29/33 MP: 2/2
  1101 | D:2      | You add the spells Sting, Poisonous Vapours and Olgreb's
                  | Toxic Radiance to your library.
  1629 | D:2      | Reached XP level 4. HP: 40/40 MP: 3/3
  1703 | D:2      | Noticed Jessica
  1709 | D:2      | Killed Jessica
  2188 | D:3      | HP: 8/41 [iguana (10)]
  2189 | D:3      | Slain by an iguana

Vanquished Creatures
  Jessica (D:2)
  3 worms (D:2)
  3 dart slugs
  2 bats (D:1)
  5 endoplasms
  3 giant cockroaches (D:2)
  7 hobgoblins
  5 jackals
  4 kobolds
  7 ball pythons
  7 frilled lizards
  7 goblins
  6 rats
60 creatures vanquished.

Table legend:
 A = Non-vault XP
 B = Vault XP
 C = Vault XP percentage of total XP
 D = Non-vault monster count
 E = Vault monster count
 F = Vault count percentage of total count
                 A         B        C        D         E       F
            +---------+---------+-------+---------+---------+-------
      Total |      99 |      49 |  33.1 |      53 |       7 |  11.7
            +---------+---------+-------+---------+---------+-------
        D:1 |      52 |       0 |   0.0 |      29 |       0 |   0.0
        D:2 |      45 |      49 |  52.1 |      22 |       7 |  24.1
        D:3 |       2 |       0 |   0.0 |       2 |       0 |   0.0
            +---------+---------+-------+---------+---------+-------

Illustrated notes

Table legend:
 A = Kills in this place as a percentage of kills in entire the game.
 B = Kills by you in this place as a percentage of kills by you in the entire game.
 C = Kills by friends in this place as a percentage of kills by friends in the entire game.
 D = Other kills in this place as a percentage of other kills in the entire game.
 E = Experience gained in this place as a percentage of experience gained in the entire game.
 F = Experience gained in this place divided by the number of levels of this place that you have seen.
                   A       B       C       D       E      F
               +-------+-------+-------+-------+-------+----------------------
         Total | 100.0 | 100.0 |   N/A |   N/A | 100.0 |  49.3
       Dungeon | 100.0 | 100.0 |   N/A |   N/A | 100.0 |  49.3
               +-------+-------+-------+-------+-------+----------------------

Table legend: (Time is in decaauts)
 A = Elapsed time spent in this place.
 B = Non-inter-level travel time spent in this place.
 C = Inter-level travel time spent in this place.
 D = Time resting spent in this place.
 E = Time spent auto-exploring this place.
 F = Levels seen in this place.
 G = Mean time per level.
                   A        B        C        D        E       F      G
               +--------+--------+--------+--------+--------+-----+--------+
         Total |   2223 |   2146 |     77 |    113 |   1679 |   3 |  741.0 |
       Dungeon |   2223 |   2146 |     77 |    113 |   1679 |   3 |  741.0 |
               +--------+--------+--------+--------+--------+-----+--------+

Top non-repeatable levels by time:
     D:2: 1086 daAuts
     D:1: 947 daAuts
     D:3: 189 daAuts
